 Dungeon Crawl Stone Soup version 0.30.0-29-ga12c61a403 (webtiles) character file.

Game seed: 2617310405764029346

2635 qw the Cleaver (level 9, -4/57 HPs)
             Began as a Gargoyle Fighter on June 4, 2023.
             Killed from afar by Maggie (11 damage)
             ... with a bolt of fire
             ... on level 8 of the Dungeon.
             The game lasted 00:03:32 (6279 turns).

qw the Cleaver (Gargoyle Fighter)                   Turns: 6279, Time: 00:03:32

Health: -4/57      AC: 21    Str: 23 (24) XL:     9   Next: 61%
Magic:  9/9        EV:  6    Int:  7      God:
Gold:   395        SH:  9    Dex:  8 (9)  Spells: 8/8 levels left

rFire   + . .        Y - +0 war axe
rCold   . . .        c - +0 buckler
rNeg    + . .        l - +0 plate armour
rPois   inf          m - +0 helmet
rElec   +            (no cloak)
rCorr   .            (no gloves)
SInv    .            e - +0 pair of boots
Will    .....        o - amulet of reflection Stlth
                     (no ring)
HPRegen 0.29/turn    (no ring)
MPRegen 0.11/turn

%: reflection
@: mesmerised
A: sickness immunity, AC +6, negative energy resistance 1, electricity
resistance, torment resistance 1, petrification resistance, deterioration 1,
dopey 1, fire resistance 1
a: no special abilities


You were on level 8 of the Dungeon.
You visited 2 branches of the dungeon, and saw 9 of its levels.

You collected 395 gold pieces.


Innate Abilities, Weirdness & Mutations

You are immune to sickness and miasma.
Your stone body is resilient. (AC +6)
You are immune to poison.
You resist negative energy. (rN+)
You are resistant to electric shocks. (rElec)
You are resistant to unholy torment.
You are immune to petrification.
Your body sometimes deteriorates upon taking damage.
You are dopey. (Int -2)
Your flesh is heat resistant. (rF+)


   Skills:
 - Level 7.1 Fighting
 - Level 9.5 Axes
 - Level 1.4 Throwing
 + Level 5.5 Armour
 - Level 1.1 Dodging
 - Level 4.0 Shields


You had 8 spell levels left.
You didn't know any spells.
Your spell library was empty.

Inventory:

Hand Weapons
 a - a +0 morningstar
 Y - a +0 war axe (weapon)
Missiles
 h - 4 boomerangs (quivered)
Armour
 c - a +0 buckler (worn)
 e - a +0 pair of boots (worn)
 l - a +0 plate armour (worn)
 m - a +0 helmet (worn)
Jewellery
 o - an amulet of reflection (around neck)
Scrolls
 b - a scroll of teleportation
 n - 4 scrolls of identify
Potions
 d - a potion of might
 f - a potion of attraction
 g - a potion of mutation
 i - a potion of curing
 j - a potion of lignification
 p - 2 potions of heal wounds
 t - a potion of cancellation

Dungeon Overview and Level Annotations

Branches:
Dungeon (8/15)             Temple (1/1) D:7
   Lair: D:8-11

Altars:
Ashenzari
Dithmenos
Fedhas
Gozag
Hepliaklqana
Makhleb
Qazlal
Sif Muna
Trog
Uskayaw
Vehumet
Wu Jian
Zin
The Shining One

Annotations:
D:8 Maggie


Message History

6270 ||| Stepping ~*~*~tactically~*~*~ (hiding).
You start waiting.
Maggie is nearby!
A two-headed ogre comes into view. It is wielding two +0 giant clubs.
The two-headed ogre shouts in stereo!
You hit Maggie but do no damage.
You hear an angry hiss.
Maggie hits you but does no damage.
You slash Maggie!
Maggie is lightly wounded.
Maggie gestures at you while chanting. The bolt of fire hits you. You resist.
Maggie casts a spell.
Maggie attempts to bespell you!
You easily resist.
You slash Maggie!
Maggie is moderately wounded.
A steam dragon comes into view.
You block Maggie's attack.
You slash Maggie!
Maggie is heavily wounded.
Maggie casts a spell.
Maggie attempts to bespell you!
You are mesmerised by Maggie!
You hit Maggie.
Maggie is severely wounded.
Maggie hits you with a +0 broad axe!
Your body deteriorates!
You feel clumsy.
You barely miss Maggie.
Maggie is severely wounded.
Maggie gestures at you while chanting. The bolt of fire hits you! You resist.
You closely miss Maggie.
Maggie is severely wounded.
You barely miss the two-headed ogre.
The two-headed ogre hits you with a +0 giant club!!
The two-headed ogre hits you with a +0 giant club!
Maggie smiles, but it's obviously fake.
Maggie gestures at you while chanting. The bolt of fire hits you! You resist.
You die...

#.###. ...... ..
..@..... .... ....
.... .....#####D#
..#..
...?....@@.##....
.........O...#..#.
.....####.....#...
#### #..#...#
##...#.# #(.....#
#.###..#
.#####...####
#............#


You could see Maggie (mesmerising), a two-headed ogre and a steam dragon.

Vanquished Creatures
  A hornet (D:7)
  A steam dragon (D:7)
  Duvessa (D:7)
  An orc warrior (D:7)
  A black bear (D:7)
  An ogre (D:5)
  4 centaurs
  A phantom (D:5)
  A kobold brigand (D:6)
  2 bullfrogs
  2 gnoll sergeants
  A scorpion (D:6)
  Dowan (D:7)
  4 jellies
  A howler monkey (D:5)
  3 hounds
  5 orc priests
  A gnoll bouda (D:6)
  A sleepcap (D:6)
  3 iguanas
  5 orc wizards
  Robin (D:2)
  13 gnolls
  11 adders
  A shadow imp (D:7)
  3 worms
  3 dart slugs
  26 orcs
  7 endoplasms
  6 giant cockroaches
  16 goblins
  6 hobgoblins
  11 jackals
  7 kobolds
  3 quokkas
  7 ball pythons
  7 bats
  A frilled lizard (D:2)
  2 rats
172 creatures vanquished.

Vanquished Creatures (others)
  An ice beast (D:7)
1 creature vanquished.

Grand Total: 173 creatures vanquished

Notes
Turn   | Place    | Note
-------+----------+-------------------------------------------
     0 | D:1      | qw the Gargoyle Fighter began the quest for the Orb.
     0 | D:1      | Reached XP level 1. HP: 14/14 MP: 1/1
     0 | D:1      | 0 ||| qw: Version: 0.2-a-107-g4668610
     0 | D:1      | 0 ||| qw: Game counter: 1197
     0 | D:1      | 0 ||| qw: Always use a shield: true
     0 | D:1      | 0 ||| qw: God list: Okawaru
     0 | D:1      | 0 ||| qw: Allow faded altars: false
     0 | D:1      | 0 ||| qw: Do Orc after D:15 true
     0 | D:1      | 0 ||| qw: Do second Lair branch before Depths: true
     0 | D:1      | 0 ||| qw: Lair rune preference: random
     0 | D:1      | 0 ||| qw: Plans: Normal, Zot:1-4, Slime:5, God:TSO, Crypt,
                  | Tomb, Abyss, Pan, Hells, Win
     0 | D:1      | 0 ||| PLANNING D:1-11
    97 | D:1      | Reached skill level 2 in Axes
   297 | D:1      | Reached XP level 2. HP: 19/19 MP: 2/2
   305 | D:1      | 305 ||| Stepping ~*~*~tactically~*~*~ (stealth).
   308 | D:1      | 308 ||| Stepping ~*~*~tactically~*~*~ (stealth).
   561 | D:1      | 561 ||| READING 3 scrolls labelled XEEWKU XESTRYU.
   565 | D:1      | 565 ||| READING scroll labelled NIEDADDUMIT.
   566 | D:1      | 566 ||| READING scroll labelled UNEIMO YCREMOA.
   595 | D:2      | Reached skill level 3 in Axes
   597 | D:2      | Reached XP level 3. HP: 23/23 MP: 3/3
   807 | D:2      | Reached XP level 4. HP: 24/28 MP: 4/4
   845 | D:2      | 845 ||| Stepping ~*~*~tactically~*~*~ (stealth).
   846 | D:2      | Noticed Robin
   860 | D:2      | Reached skill level 4 in Axes
   873 | D:2      | Killed Robin
   893 | D:2      | 893 ||| DROPPING +0 club.
   899 | D:2      | 899 ||| Stepping ~*~*~tactically~*~*~ (stealth).
   917 | D:2      | 917 ||| Stepping ~*~*~tactically~*~*~ (stealth).
   950 | D:2      | 950 ||| FLEEEEING.
   951 | D:2      | 951 ||| FLEEEEING.
   952 | D:2      | 952 ||| FLEEEEING.
   953 | D:2      | 953 ||| FLEEEEING.
   954 | D:2      | 954 ||| FLEEEEING.
   955 | D:2      | 955 ||| FLEEEEING.
  1225 | D:2      | 1225 ||| Stepping ~*~*~tactically~*~*~ (stealth).
  1383 | D:2      | Reached XP level 5. HP: 30/32 MP: 5/5
  1612 | D:2      | 1612 ||| UPGRADING to +0 helmet.
  1617 | D:2      | 1617 ||| UPGRADING to amulet of guardian spirit.
  1622 | D:2      | 1622 ||| UPGRADING to amulet of reflection.
  1632 | D:2      | 1632 ||| DROPPING amulet of guardian spirit.
  1633 | D:2      | 1633 ||| READING scroll labelled HUDITZ WOCUU.
  1634 | D:2      | 1634 ||| READING scroll labelled ANOCSO POGRE.
  1635 | D:2      | 1635 ||| READING scroll labelled NOOHIY DEOWNUJ.
  1636 | D:2      | 1636 ||| DRINKING 2 lumpy clear potions.
  1636 | D:2      | Gained mutation: You are dopey. (Int -2) [potion of
                  | mutation]
  1636 | D:2      | Gained mutation: Your body sometimes deteriorates upon
                  | taking damage. [potion of mutation]
  1636 | D:2      | Gained mutation: Your flesh is heat resistant. (rF+)
                  | [potion of mutation]
  1669 | D:3      | 1669 ||| STAIRDANCE
  1716 | D:3      | 1716 ||| Stepping ~*~*~tactically~*~*~ (hiding).
  1749 | D:3      | Reached skill level 5 in Axes
  1810 | D:3      | 1810 ||| DROPPING +0 whip.
  1869 | D:3      | 1869 ||| Stepping ~*~*~tactically~*~*~ (hiding).
  1871 | D:3      | 1871 ||| Stepping ~*~*~tactically~*~*~ (stealth).
  1874 | D:3      | 1874 ||| Stepping ~*~*~tactically~*~*~ (stealth).
  1895 | D:3      | Reached XP level 6. HP: 37/38 MP: 6/6
  1989 | D:3      | Found a broken altar of Ashenzari.
  2040 | D:3      | Reached skill level 1 in Dodging
  2224 | D:3      | 2224 ||| UPGRADING to +0 chain mail.
  2234 | D:3      | 2234 ||| DROPPING +0 scale mail.
  2235 | D:3      | 2235 ||| READING 2 scrolls labelled YMUKHLA UXUI.
  2236 | D:3      | 2236 ||| READING scroll labelled NIOVOECUCK.
  2237 | D:3      | 2237 ||| DRINKING 2 smoky puce potions.
  2238 | D:3      | 2238 ||| DRINKING 2 amethyst potions.
  2239 | D:3      | 2239 ||| DROPPING scroll of amnesia.
  2521 | D:4      | 2521 ||| Stepping ~*~*~tactically~*~*~ (hiding).
  2522 | D:4      | 2522 ||| Stepping ~*~*~tactically~*~*~ (hiding).
  2523 | D:4      | 2523 ||| Stepping ~*~*~tactically~*~*~ (hiding).
  2524 | D:4      | 2524 ||| Stepping ~*~*~tactically~*~*~ (hiding).
  2658 | D:4      | Found a hide-covered altar of Uskayaw.
  2805 | D:4      | Found a glowing silver altar of Zin.
  2805 | D:4      | Noticed an angel
  3132 | D:4      | 3132 ||| READING 4 scrolls of identify.
  3132 | D:4      | 3132 ||| IDENTIFYING metallic puce potion
  3133 | D:4      | 3133 ||| READING 3 scrolls of identify.
  3133 | D:4      | 3133 ||| IDENTIFYING pink potion
  3134 | D:4      | 3134 ||| READING 2 scrolls of identify.
  3134 | D:4      | 3134 ||| IDENTIFYING dark potion
  3135 | D:4      | 3135 ||| DROPPING potion of degeneration.
  3160 | D:5      | Entered Level 5 of the Dungeon
  3286 | D:5      | Reached skill level 6 in Axes
  3289 | D:5      | 3289 ||| FLEEEEING.
  3290 | D:5      | 3290 ||| FLEEEEING.
  3312 | D:5      | Found a shadowy altar of Dithmenos.
  3313 | D:5      | 3313 ||| Stepping ~*~*~tactically~*~*~ (hiding).
  3320 | D:5      | Reached XP level 7. HP: 42/43 MP: 7/7
  3333 | D:5      | HP: 8/43 [acid (3)]
  3334 | D:5      | 3334 ||| READING 2 scrolls of teleportation.
  3336 | D:5      | HP: 3/43 [acid (2)]
  3337 | D:5      | 3337 ||| READING scroll of teleportation.
  3338 | D:5      | HP: 1/43 [phantom (3)]
  3552 | D:5      | Found a shimmering blue altar of Sif Muna.
  3576 | D:5      | Reached skill level 7 in Axes
  3675 | D:5      | 3675 ||| Stepping ~*~*~tactically~*~*~ (hiding).
  3677 | D:5      | 3677 ||| Stepping ~*~*~tactically~*~*~ (hiding).
  3757 | D:5      | 3757 ||| Stepping ~*~*~tactically~*~*~ (stealth).
  3770 | D:5      | 3770 ||| Stepping ~*~*~tactically~*~*~ (hiding).
  3877 | D:5      | Found a radiant altar of Vehumet.
  4020 | D:5      | 4020 ||| READING scroll labelled LIKHLU FANOWO.
  4021 | D:5      | 4021 ||| READING scroll labelled BUPTUR JOEHES.
  4022 | D:5      | 4022 ||| READING scroll labelled KYRGHA POWASIFU.
  4052 | D:5      | 4052 ||| DRINKING 2 ruby potions.
  4053 | D:5      | 4053 ||| READING 4 scrolls of identify.
  4053 | D:5      | 4053 ||| IDENTIFYING emerald potion
  4054 | D:5      | 4054 ||| READING 3 scrolls of identify.
  4054 | D:5      | 4054 ||| IDENTIFYING yellow potion
  4055 | D:5      | 4055 ||| READING 2 scrolls of identify.
  4055 | D:5      | 4055 ||| IDENTIFYING coppery potion
  4056 | D:5      | 4056 ||| DROPPING potion of berserk rage.
  4057 | D:5      | 4057 ||| DROPPING potion of brilliance.
  4058 | D:5      | 4058 ||| DROPPING potion of flight.
  4083 | D:6      | Reached skill level 1 in Throwing
  4083 | D:6      | Reached XP level 8. HP: 39/49 MP: 8/8
  4133 | D:6      | 4133 ||| Stepping ~*~*~tactically~*~*~ (hiding).
  4280 | D:6      | 4280 ||| DROPPING +0 flail.
  4387 | D:6      | 4387 ||| Stepping ~*~*~tactically~*~*~ (stealth).
  4489 | D:6      | Reached skill level 8 in Axes
  4511 | D:6      | 4511 ||| Stepping ~*~*~tactically~*~*~ (stealth).
  4576 | D:6      | 4576 ||| Stepping ~*~*~tactically~*~*~ (hiding).
  4577 | D:6      | 4577 ||| Stepping ~*~*~tactically~*~*~ (hiding).
  4594 | D:6      | Reached skill level 6 in Fighting
  4617 | D:6      | 4617 ||| DROPPING +3 flail.
  4704 | D:6      | 4704 ||| Stepping ~*~*~tactically~*~*~ (hiding).
  4752 | D:6      | 4752 ||| DROPPING +0 heavy flail.
  4913 | D:6      | 4913 ||| UPGRADING to +0 pair of boots.
  5012 | D:7      | Noticed a hornet
  5013 | D:7      | Noticed Duvessa
  5020 | D:7      | Noticed Dowan
  5021 | D:7      | Killed a hornet
  5022 | D:7      | Reached skill level 9 in Axes
  5022 | D:7      | Reached XP level 9. HP: 44/55 MP: 9/9
  5033 | D:7      | Killed Duvessa
  5045 | D:7      | 5045 ||| DRINKING 3 potions of curing.
  5045 | D:7      | 5045 ||| (to cure confusion)
  5064 | D:7      | Killed Dowan
  5169 | D:7      | Found a staircase to the Ecumenical Temple.
  5170 | D:7      | 5170 ||| PLANNING TEMPLE
  5176 | Temple   | Entered the Ecumenical Temple
  5188 | Temple   | 5188 ||| PLANNING D:1-11
  5212 | D:7      | 5212 ||| Stepping ~*~*~tactically~*~*~ (hiding).
  5213 | D:7      | 5213 ||| Stepping ~*~*~tactically~*~*~ (hiding).
  5329 | D:6      | Found a burning altar of Makhleb.
  5905 | D:7      | 5905 ||| Stepping ~*~*~tactically~*~*~ (hiding).
  5907 | D:7      | 5907 ||| Stepping ~*~*~tactically~*~*~ (hiding).
  5908 | D:7      | 5908 ||| Stepping ~*~*~tactically~*~*~ (hiding).
  5912 | D:7      | 5912 ||| DRINKING 2 potions of curing.
  5912 | D:7      | 5912 ||| (to cure confusion)
  6058 | D:7      | 6058 ||| UPGRADING to +0 plate armour.
  6068 | D:7      | 6068 ||| DROPPING +0 chain mail.
  6069 | D:7      | 6069 ||| READING scroll labelled XESTAC PUGGU.
  6086 | D:8      | 6086 ||| STAIRDANCE
  6208 | D:8      | 6208 ||| STAIRDANCE
  6268 | D:8      | Noticed Maggie
  6269 | D:8      | 6269 ||| Stepping ~*~*~tactically~*~*~ (hiding).
  6270 | D:8      | 6270 ||| Stepping ~*~*~tactically~*~*~ (hiding).
  6272 | D:8      | Noticed a two-headed ogre
  6279 | D:8      | HP: 7/57 [two-headed ogre/+0 giant club (9)]
  6279 | D:8      | Killed from afar by Maggie

Levels and vault maps discovered:
D:1:      dpeg_arrival_windows_large_door, layout_rooms
D:2:      layout_basic, serial_corexii_hall, corexii_hall_statues_l,
          corexii_hall_statues_l, chequers_hall_statues_wall_a,
          corexii_hall_statues_i, uniq_robin
D:3:      layout_rooms, lemuel_crystal_altar, grunt_ministairs_13
D:4:      layout_gridville, zin_angel, mainiacjoe_overflow_six_doors_small,
          minmay_gold_behind_fungi, serial_bayou_ford_a
D:5:      layout_basic, vehumet_altar_wand_db, mainiacjoe_overflow_paths,
          minmay_ruined_shrine
D:6:      layout_rooms, nicolae_overflow_hidden_temple,
          nicolae_concentric_dashed_squares_mild, grunt_ministairs_14,
          nicolae_eternal_life
D:7:      layout_gridville, minmay_temple_entry_tees, uniq_duvessa
D:8:      layout_rooms, mainiacjoe_overflow_big_doors,
          overflow_temple_1_default, mainiacjoe_overflow_alcove_1,
          lair_entry_dummy, serial_shops, nicolae_shop_real_fake_doors,
          serial_aquarium, aquarium_bridge_long_joined
          [aquarium_subvault_bridge, aquarium_subvault_bridge,
          aquarium_subvault_window, aquarium_subvault_bridge,
          aquarium_subvault_bridge, aquarium_subvault_bridge],
          aquarium_window_fake, aquarium_window_fake, aquarium_window_1,
          aquarium_window_fake, aquarium_view_2e, aquarium_view_2f,
          hangedman_abyss_or_decor_jellyfish_corner, uniq_maggie
Temple:   hellmonk_temple_rainy

Skill      XL: |  1  2  3  4  5  6  7  8  9 |
---------------+----------------------------+-----
Axes           | 2 3 4 5 6 7 9 |  9.5
Fighting       | 4 5 6 7 |  7.1
Dodging        | 1 |  1.1
Throwing       | 1 |  1.4
Armour         | 4 5 |  5.5
Shields        | 4 |  4.0

Action                     |  1- 3 |  4- 6 |  7- 9 || total
---------------------------+-------+-------+-------++-------
  Melee: War axe           |   112 |   225 |   257 ||   594
  Throw: Boomerang         |       |    41 |    22 ||    63
    Use: Scroll            |     3 |     8 |     9 ||    20
         Potion            |       |     3 |     3 ||     6
 Armour: Scale mail        |    86 |    85 |       ||   171
         Chain mail        |       |    20 |   146 ||   166
         Plate armour      |       |       |    11 ||    11
  Dodge: Dodged            |    55 |    86 |    96 ||   237
  Block: Buckler           |    21 |    79 |   132 ||   232
         Reflection        |       |       |     6 ||     6

Table legend:
 A = Non-vault XP
 B = Vault XP
 C = Vault XP percentage of total XP
 D = Non-vault monster count
 E = Vault monster count
 F = Vault count percentage of total count
                 A         B        C        D         E       F
            +---------+---------+-------+---------+---------+-------
      Total |    3063 |     702 |  18.6 |     151 |      22 |  12.7
            +---------+---------+-------+---------+---------+-------
        D:1 |      29 |       0 |   0.0 |      16 |       0 |   0.0
        D:2 |     120 |      47 |  28.1 |      30 |      12 |  28.6
        D:3 |     190 |      13 |   6.4 |      27 |       1 |   3.6
        D:4 |      30 |       0 |   0.0 |       9 |       0 |   0.0
        D:5 |     512 |     201 |  28.2 |      12 |       5 |  29.4
        D:6 |     689 |     230 |  25.0 |      25 |       2 |   7.4
        D:7 |    1478 |     211 |  12.5 |      31 |       2 |   6.1
        D:8 |      15 |       0 |   0.0 |       1 |       0 |   0.0
            +---------+---------+-------+---------+---------+-------
